 Dungeon Crawl Stone Soup version 0.17.1-1-g73c8601 (console) character file.

86 Kloppie the Skirmisher (level 4, -3/41 HPs)
             Began as a Draconian Fighter on Dec 17, 2015.
             Slain by a sky beast (5 damage)
             ... on level 3 of the Dungeon.
             The game lasted 00:03:16 (1903 turns).

Kloppie the Skirmisher (Draconian Fighter)          Turns: 1903, Time: 00:03:16

Health: -3/41      AC:  5    Str: 19    XL:     4   Next: 27%
Magic:  4/4        EV: 10    Int:  8    God:
Gold:   114        SH:  9    Dex: 11    Spells: 0 memorised, 3 levels left

rFire  . . .     SeeInvis .     a - +0 flail
rCold  . . .     Clarity  .     (armour unavailable)
rNeg   . . .     SustAt   .     b - +0 shield
rPois  .         Gourm    .     (helmet restricted)
rElec  .         Spirit   .     (no cloak)
rCorr  .         Warding  .     (no gloves)
rMut   .         Stasis   .     (no boots)
MR     .....                    (no amulet)
Stlth  +.........               (no ring)
                                (no ring)

@: not resistant to hostile enchantments, very unstealthy
A: unfitting armour, cold-blooded, AC +5
a: no special abilities


You were on level 3 of the Dungeon.
You were not hungry.

You visited 1 branch of the dungeon, and saw 3 of its levels.

You collected 114 gold pieces.

Inventory:

Hand Weapons
 a - a +0 flail (weapon)
Armour
 b - a +0 shield (worn)
Jewellery
 i - an uncursed ring of wizardry {unknown}
 q - an uncursed ring of wizardry {unknown}
 s - an uncursed ring of flight {unknown}
Scrolls
 j - a scroll of teleportation {unknown}
 k - a scroll of random uselessness {unknown}
 l - a scroll of enchant armour {unknown}
 r - a scroll of enchant weapon {unknown}
 t - a scroll of fear {unknown}
Potions
 c - a potion of might
 e - a potion of lignification {unknown}
 f - 2 potions of haste {unknown}
 h - 2 potions of curing {unknown}
 m - a potion of brilliance {unknown}
 o - a potion of beneficial mutation {unknown}
 v - a potion of invisibility {unknown}
Comestibles
 d - 3 bread rations
 g - 2 fruits
 n - 2 meat rations
 p - 2 slices of pizza
 u - 3 chunks of flesh


   Skills:
 + Level 4.4 Fighting
 + Level 3.7 Maces & Flails
 - Level 2.6 Dodging
 - Level 3.0 Shields


You had 3 spell levels left.
You didn't know any spells.

Dungeon Overview and Level Annotations

Branches:
Dungeon (3/15)

Altars:


Innate Abilities, Weirdness & Mutations

Your plain brown scales are hard (AC +5).
Your body does not fit into most forms of armour.
You are cold-blooded and may be slowed by cold attacks.


Message History

* * * LOW HITPOINT WARNING * * *
You block its attack.
You barely miss something.
Your tail-slap misses something.
Something hits you.
* * * LOW HITPOINT WARNING * * *
Something shocks you.
* * * LOW HITPOINT WARNING * * *
You closely miss something. Something completely misses you.
You hear the slow rusting of a very distant drain.
A sky beast appears from thin air!
Reactivating autopickup.
Drink which item? (? for menu, Esc to quit)
You can't drink that!
You closely miss the sky beast.
The sky beast is heavily wounded.
The sky beast flickers out of sight!
Deactivating autopickup; reactivate with Ctrl-A.
Something hits you.
* * * LOW HITPOINT WARNING * * *
Something shocks you.
You die...

# # .#. #.#
#.# #.# #)#
#.# #{# ###
#@# #.. #.#
#.# #.# #.#
#.# #.# #.#
#.#### #.#
##.##.## #.#
##.).(...
#.#
###.#....#†
#.#
##..........


There were no monsters in sight!

Vanquished Creatures
  2 adders (D:2)
  An ooze (D:1)
  2 worms
  5 giant geckos
  A ball python (D:1)
  6 bats
  A giant cockroach (D:1)
  7 goblins (D:1)
  10 hobgoblins
  2 jackals (D:1)
  A giant newt (D:1)
  6 kobolds
  6 rats
50 creatures vanquished.

Vanquished Creatures (others)
  4 toadstools (D:1)
4 creatures vanquished.

Grand Total: 54 creatures vanquished

Notes
Turn   | Place    | Note
--------------------------------------------------------------
     0 | D:1      | Kloppie the Draconian Fighter began the quest for the Orb.
     0 | D:1      | Reached XP level 1. HP: 19/19 MP: 1/1
    92 | D:1      | Reached XP level 2. HP: 15/26 MP: 2/2
   592 | D:1      | Reached XP level 3. HP: 29/33 MP: 3/3
   843 | D:1      | Reached skill level 4 in Fighting
  1251 | D:2      | Reached XP level 4. HP: 27/40 MP: 4/4
  1885 | D:3      | Noticed a sky beast
  1898 | D:3      | HP: 2/41 [something (5)]
  1903 | D:3      | HP: 2/41 [something (1)]
  1903 | D:3      | Slain by a sky beast

Action                   |  1- 3 |  4- 6 || total
-------------------------+-------+-------++-------
Melee: Flail             |   113 |    49 ||   162
  Eat: Chunk             |     1 |     2 ||     3
